 Dungeon Sprint DCSS version 0.29.1-1-gd02db6906a (webtiles) character file.

Game seed: 10771860852708031397

14597 Zeld the Executioner (level 11, -9/156 HPs)
             Began as a Minotaur Berserker on Oct 22, 2022.
             Was the Champion of Trog.
             Mangled by a fire giant
             ... wielding a +1 great sword of flaming
              (24 damage)
             ... in the Dungeon (Sprint I: "Red Sonja").
             The game lasted 00:07:33 (5765 turns).

Zeld the Executioner (Minotaur Berserker)           Turns: 5765, Time: 00:07:33

Health: -9/156     AC:  9    Str: 22    XL:     11   Next: 90%
Magic:  8/8        EV: 17    Int:  2    God:    Trog [******]
Gold:   195        SH:  0    Dex: 10    Spells: 10/10 levels left

rFire   . . .      SeeInvis .   a - +5 battleaxe (flame)
rCold   . . .      Faith    .   (shield currently unavailable)
rNeg    . . .      Spirit   .   b - +0 animal skin
rPois   .          Reflect  .   (helmet unavailable)
rElec   .          Harm     .   v - +0 cloak
rCorr   .          Rampage  .   o - +0 pair of gloves
Will    .....      Rage     3%  m - +0 pair of boots
Stlth   .......... NoTele   +   (no amulet)
HPRegen 0.36/turn               (no ring)
MPRegen 0.11/turn               (no ring)

@: berserking, unable to read, unable to drink, very quick
A: horns 3, retaliatory headbutt, iridescent scales 1, berserk 1, deformed body,
deterioration 1, dopey 1, frail 1, low MP 1, screaming 1, weak 2, inability to
drink after injury 2, inability to read after injury 1
a: Renounce Religion, Berserk, Trog's Hand, Brothers in Arms


You were in the Dungeon.
You worshipped Trog.
Trog was exalted by your worship.
You visited 1 branch You collected 1717 gold pieces.
You spent 1522 gold pieces at shops.

Inventory:

Hand Weapons
 a - a +5 battleaxe of flaming (weapon)
Armour
 b - a +0 animal skin (worn)
 m - a +0 pair of boots (worn)
 o - a +0 pair of gloves (worn)
 q - a +0 hat
 v - a +0 cloak (worn)
Wands
 i - a wand of flame (17)
 y - a wand of paralysis (6)
Scrolls
 s - a scroll of enchant weapon
 u - a scroll of magic mapping
Potions
 c - 7 potions of curing
 d - a potion of cancellation
 e - 2 potions of haste
 f - 2 potions of magic
 g - 2 potions of berserk rage
 j - 2 potions of degeneration {unknown}
 n - 3 potions of flight
 p - a potion of might
 t - a potion of heal wounds
 w - 2 potions of resistance
 x - a potion of brilliance {unknown}


   Skills:
 + Level 16.6 Fighting
 * Level 22.5 Axes
 + Level 16.4 Armour
 + Level 15.2 Dodging


You had 10 spell levels left.
You didn't know any spells.
Your spell library was empty.

Dungeon Overview and Level Annotations

Branches:
Dungeon (1/1)

Altars:
Cheibriados
Dithmenos
Elyvilon
Fedhas
Gozag
Hepliaklqana
Kikubaaqudgha
Makhleb
Nemelex Xobeh
Okawaru
Qazlal
Ru
Sif Muna
Trog
Uskayaw
Vehumet
Wu Jian
Xom
Yredelemnul
Zin
The Shining One
Jiyva
Lugonu

Shops:
D ([?(?![!:[*:(*([**?[[


Innate Abilities, Weirdness & Mutations

You have a pair of large horns on your head.
You reflexively headbutt those who attack you in melee.
You are partially covered in iridescent scales. (AC +2)
You sometimes lose your temper in combat.
Armour fits poorly on your strangely shaped body.
Your body sometimes deteriorates upon taking damage.
You are dopey. (Int -2)
You are frail. (-10% HP)
Your magical capacity is low. (-10% MP)
You occasionally shout uncontrollably at your foes.
You are very weak. (Str -4)
You sometimes lose the ability to drink potions when taking damage.
You occasionally lose the ability to read scrolls when taking damage.


Message History

The fire giant shouts!
The fire giant closely misses you.
There is an open door here.
A red film seems to cover your vision as you go berserk!
You feel yourself moving faster!
You feel mighty!
You feel a strong urge to attack something.
The fire giant hits you with a +1 great sword of flaming!!
You feel threatened and lose the ability to drink potions!
The fire giant burns you.
The fire giant hits you with a +1 great sword of flaming!
* * * LOW HITPOINT WARNING * * *
The fire giant burns you.
* * * LOW HITPOINT WARNING * * *
You slash the fire giant!
The fire giant is lightly wounded.
You slice the fire giant!! You burn the fire giant.
The fire giant hits you with a +1 great sword of flaming!
* * * LOW HITPOINT WARNING * * *
The fire giant burns you.
* * * LOW HITPOINT WARNING * * *
The fire giant barely misses you.
You slice the fire giant!! You headbutt the fire giant!
The fire giant is heavily wounded.
You slice the fire giant!!
Unknown command.
You hit the fire giant but do no damage.
You headbutt the fire giant!
The fire giant is severely wounded.
You slice the fire giant!!
Unknown command.
You slice the fire giant!! You burn the fire giant.
You kill the fire giant!
Trog accepts your kill. Trog grants you a weapon!
Something appears at your feet!
You see here a +3 antimagic dire flail.
Trog appreciates your killing of a magic user.
You hit the fire giant.
The fire giant hits you with a +1 great sword of flaming!!
You feel threatened and lose the ability to read scrolls!
You die...

'###.○.
#..###$#
...#○..#
#§##..$#
##.#.°##
#.§#+###
##.#..#
##...#
##.#
###.#
##§# #.#
§§§# #.#
##.#
####'#
.#.#
#C)@C#
#§§#
#...####
####
.....##
# .### #
# # #


You could see 2 fire giants.

Vanquished Creatures
  A fire giant (D)
  A hydra (D)
  2 centaur warriors (D)
  Sonja (D)
  A deep troll (D)
  An oklob plant (D)
  A lindwurm (D)
  8 shining eyes (D)
  A gargoyle (D)
  4 demonic crawlers (D)
  2 kobold demonologists (D)
  7 unseen horrors (D)
  A hornet (D)
  A slime creature (D)
  Sigmund (D)
  A yak (D)
  13 hogs (D)
  2 redbacks (D)
  7 floating eyes (D)
  An ogre (D)
  7 necrophages (D)
  8 jellies (D)
  Ijyb (D)
  A ballistomycete spore (D)
74 creatures vanquished.

Vanquished Creatures (others)
  A ballistomycete spore (D)
1 creature vanquished.

Grand Total: 75 creatures vanquished

Notes
Turn   | Place    | Note
-------+----------+-------------------------------------------
     0 | D        | Zeld the Minotaur Berserker began the quest for the Orb.
     0 | D        | Reached XP level 1. HP: 19/19 MP: 0/0
     1 | D        | Noticed Ijyb
     9 | D        | Killed Ijyb
    10 | D        | Reached skill level 5 in Axes
    10 | D        | Reached XP level 2. HP: 16/28 MP: 1/1
   187 | D        | Noticed an ogre
   192 | D        | Killed an ogre
   193 | D        | Reached skill level 7 in Axes
   193 | D        | Reached skill level 5 in Armour
   193 | D        | Reached XP level 3. HP: 37/37 MP: 2/2
   193 | D        | Reached XP level 4. HP: 44/44 MP: 3/3
   296 | D        | Noticed Sigmund
   302 | D        | Killed Sigmund
   302 | D        | Reached ** piety under Trog
   303 | D        | Reached skill level 10 in Axes
   303 | D        | Reached XP level 5. HP: 52/52 MP: 4/4
   303 | D        | Reached XP level 6. HP: 60/60 MP: 5/5
   439 | D        | Found an ornate altar of the Wu Jian Council.
   439 | D        | Found a shimmering blue altar of Sif Muna.
   441 | D        | Found a radiant altar of Vehumet.
   836 | D        | Found Tonum's Weapon Emporium.
   836 | D        | Found an ancient bone altar of Kikubaaqudgha.
   836 | D        | Found a hazy altar of Hepliaklqana.
   836 | D        | Found a stormy altar of Qazlal.
   836 | D        | Found a hide-covered altar of Uskayaw.
   836 | D        | Found a blossoming altar of Fedhas.
   836 | D        | Found a bloodstained altar of Trog.
   836 | D        | Found an iron altar of Okawaru.
   836 | D        | Found a basalt altar of Yredelemnul.
   836 | D        | Found a glowing golden altar of the Shining One.
   836 | D        | Found a snail-covered altar of Cheibriados.
   836 | D        | Found a sacrificial altar of Ru.
   836 | D        | Found a glowing silver altar of Zin.
   836 | D        | Found a shadowy altar of Dithmenos.
   836 | D        | Found a white marble altar of Elyvilon.
   836 | D        | Noticed a yak
   837 | D        | Found an opulent altar of Gozag.
   842 | D        | Killed a yak
   843 | D        | Reached skill level 11 in Axes
   843 | D        | Found a sparkling altar of Nemelex Xobeh.
   941 | D        | Found a burning altar of Makhleb.
   941 | D        | Found a viscous altar of Jiyva.
   941 | D        | Found a shimmering altar of Xom.
   941 | D        | Found a corrupted altar of Lugonu.
   941 | D        | Noticed a slime creature
   946 | D        | Killed a slime creature
   947 | D        | Reached skill level 12 in Axes
   947 | D        | Reached XP level 7. HP: 66/70 MP: 6/6
  1155 | D        | Noticed a kobold demonologist
  1155 | D        | Noticed a kobold demonologist
  1158 | D        | Noticed a soul eater
  1162 | D        | Killed a kobold demonologist
  1162 | D        | Reached *** piety under Trog
  1163 | D        | Reached skill level 10 in Fighting
  1163 | D        | Reached skill level 13 in Axes
  1165 | D        | Killed a kobold demonologist
  1166 | D        | Reached skill level 14 in Axes
  1166 | D        | Reached skill level 10 in Armour
  1166 | D        | Reached XP level 8. HP: 80/80 MP: 7/7
  1227 | D        | Noticed Sonja
  1235 | D        | Killed Sonja
  1235 | D        | Reached **** piety under Trog
  1236 | D        | Reached skill level 15 in Axes
  1236 | D        | Reached skill level 10 in Dodging
  1679 | D        | Found Acuesat's Weapon Boutique.
  1699 | D        | Noticed a deep troll
  1707 | D        | Killed a deep troll
  1708 | D        | Reached XP level 9. HP: 90/90 MP: 8/8
  1807 | D        | Found Tarroajea's Armour Emporium.
  1945 | D        | Bought a +0 hat for 52 gold pieces
  1945 | D        | Bought a +0 pair of boots for 58 gold pieces
  1945 | D        | Bought a +0 pair of gloves for 58 gold pieces
  1976 | D        | Noticed a centaur warrior
  1977 | D        | Noticed a centaur warrior
  1989 | D        | Killed a centaur warrior
  1990 | D        | Reached skill level 16 in Axes
  1993 | D        | Killed a centaur warrior
  1994 | D        | Reached skill level 17 in Axes
  2252 | D        | Noticed an oklob plant
  2267 | D        | Killed an oklob plant
  2268 | D        | Reached XP level 10. HP: 75/101 MP: 9/9
  2474 | D        | Reached ***** piety under Trog
  2809 | D        | Reached skill level 18 in Axes
  3262 | D        | Received a gift from Trog
  3689 | D        | Received a gift from Trog
  3693 | D        | Found Fixkakam's General Store.
  3710 | D        | Found Womainti's Magic Scroll Emporium.
  3711 | D        | Found Aseross's Armour Emporium.
  3722 | D        | Found Plog's Distillery.
  3722 | D        | Found Faschier's Armour Shop.
  3722 | D        | Found Dunoyr's Book Boutique.
  3735 | D        | Found Keogh's Armour Emporium.
  3735 | D        | Found Dylo's General Store.
  3735 | D        | Found Buophib's Book Shoppe.
  3735 | D        | Found Leris's Antique Weapon Boutique.
  3735 | D        | Found Utucom's General Store.
  3735 | D        | Found Hior's Weapon Shop.
  3735 | D        | Found Vabie's Antique Armour Shoppe.
  3759 | D        | Bought a potion of flight for 36 gold pieces
  3759 | D        | Bought a potion of curing for 36 gold pieces
  3759 | D        | Bought a potion of curing for 36 gold pieces
  3759 | D        | Bought a potion of haste for 120 gold pieces
  3759 | D        | Bought a potion of might for 48 gold pieces
  3759 | D        | Bought a potion of mutation for 96 gold pieces
  3760 | D        | Found Irytog's Assorted Antiques.
  3762 | D        | Bought a scroll of enchant weapon for 105 gold pieces
  3762 | D        | Bought a potion of heal wounds for 70 gold pieces
  3762 | D        | Bought a scroll of magic mapping for 105 gold pieces
  3762 | D        | Bought a scroll of identify for 28 gold pieces
  3762 | D        | Bought a +0 cloak for 63 gold pieces
  3765 | D        | Bought a potion of resistance for 120 gold pieces
  3767 | D        | Bought 2 potions of flight for 72 gold pieces
  3770 | D        | Bought a sapphire potion for 18 gold pieces
  3770 | D        | Bought a long bronze wand for 84 gold pieces
  3770 | D        | Bought a scroll of identify for 42 gold pieces
  3770 | D        | Bought a potion of resistance for 210 gold pieces
  3772 | D        | Bought a potion of berserk rage for 65 gold pieces
  3837 | D        | Reached skill level 19 in Axes
  3838 | D        | Reached ****** piety under Trog
  3838 | D        | Received a gift from Trog
  3840 | D        | Noticed a gargoyle
  3848 | D        | Killed a gargoyle
  4149 | D        | Noticed a lindwurm
  4155 | D        | Killed a lindwurm
  4256 | D        | Reached skill level 20 in Axes
  4257 | D        | Reached XP level 11. HP: 111/111 MP: 10/10
  4258 | D        | Received a gift from Trog
  4267 | D        | Reached skill level 15 in Fighting
  4277 | D        | Received a gift from Trog
  4283 | D        | Reached skill level 15 in Armour
  4378 | D        | Noticed a daeva
  4384 | D        | Noticed a 12-headed hydra
  4388 | D        | Killed a nine-headed hydra
  4617 | D        | Noticed a shining eye
  4617 | D        | Noticed a shining eye
  4617 | D        | Noticed a shining eye
  4617 | D        | Noticed a shining eye
  4617 | D        | Noticed a shining eye
  4617 | D        | Noticed a shining eye
  4621 | D        | Killed a shining eye
  4622 | D        | Reached skill level 21 in Axes
  4622 | D        | Paralysed by a floating eye for 4 turns
  4622 | D        | Gained mutation: You occasionally lose the ability to drink
                  | potions when taking damage. [a shining eye]
  4623 | D        | Gained mutation: You occasionally shout uncontrollably at
                  | your foes. [a shining eye]
  4623 | D        | Gained mutation: Your flesh is cold resistant. (rC+) [a
                  | shining eye]
  4624 | D        | Gained mutation: You are partially covered in iridescent
                  | scales. (AC +2) [a shining eye]
  4625 | D        | Gained mutation: Your spells are a little easier to cast,
                  | but a little less powerful. [a shining eye]
  4626 | D        | Gained mutation: You are dopey. (Int -2) [a shining eye]
  4627 | D        | Killed a shining eye
  4627 | D        | Received a gift from Trog
  4627 | D        | Gained mutation: Armour fits poorly on your strangely
                  | shaped body. [a shining eye]
  4630 | D        | Killed a shining eye
  4630 | D        | Lost intelligence.
  4630 | D        | Gained mutation: You are very dopey. (Int -4) [a shining
                  | eye]
  4633 | D        | Gained mutation: Your body sometimes deteriorates upon
                  | taking damage. [a shining eye]
  4634 | D        | Gained mutation: Your body often deteriorates upon taking
                  | damage. [a shining eye]
  4634 | D        | Gained mutation: You are weak. (Str -2) [a shining eye]
  4636 | D        | Killed a shining eye
  4636 | D        | Killed a shining eye
  4638 | D        | Killed a shining eye
  4639 | D        | Noticed a shining eye
  4639 | D        | Noticed a shining eye
  4639 | D        | Gained mutation: You have a pair of large horns on your
                  | head. [a shining eye]
  4639 | D        | Gained mutation: You are frail. (-10% HP) [a shining eye]
  4640 | D        | Gained mutation: You sometimes lose the ability to drink
                  | potions when taking damage. [a shining eye]
  4641 | D        | Gained mutation: You are very weak. (Str -4) [a shining
                  | eye]
  4642 | D        | Paralysed by a floating eye for 4 turns
  4642 | D        | Gained mutation: You sometimes lose your temper in combat.
                  | [a shining eye]
  4645 | D        | Gained mutation: You occasionally lose the ability to read
                  | scrolls when taking damage. [a shining eye]
  4647 | D        | Killed a shining eye
  4647 | D        | Received a gift from Trog
  4649 | D        | Gained mutation: Your magical capacity is low. (-10% MP) [a
                  | shining eye]
  4650 | D        | Killed a shining eye
  4651 | D        | Reached skill level 22 in Axes
  4770 | D        | Found Ethezix's Antique Armour Shoppe.
  4770 | D        | Found Oruniq's Magic Scroll Shop.
  4770 | D        | Found Cureomni's Magic Scroll Emporium.
  4770 | D        | Found Biewek's Distillery.
  4788 | D        | Lost mutation: You are very dopey. (Int -4) [potion of
                  | mutation]
  4788 | D        | Lost mutation: Your flesh is cold resistant. (rC+) [potion
                  | of mutation]
  4788 | D        | Lost mutation: Your body often deteriorates upon taking
                  | damage. [potion of mutation]
  4788 | D        | Lost mutation: Your spells are a little easier to cast, but
                  | a little less powerful. [potion of mutation]
  5086 | D        | Reached skill level 15 in Dodging
  5751 | D        | Noticed a fire giant
  5752 | D        | Noticed a fire giant
  5759 | D        | Noticed a fire giant
  5765 | D        | Killed a fire giant
  5765 | D        | Received a gift from Trog
  5765 | D        | Mangled by a fire giant

Illustrated notes

Levels and vault maps discovered:
D:        dungeon_sprint_1 [red_sonja_temple_1, red_sonja_temple_small_1]

Skill      XL: |  1  2  3  4  5  6  7  8  9 10 11 |
---------------+----------------------------------+-----
Fighting       | 4 6 7 9 10 11 13 14 16 | 16.6
Axes           | 5 7 10 12 14 15 17 20 22 | 22.5
Armour         | 3 5 7 8 10 11 12 14 16 | 16.4
Dodging        | 3 4 6 8 9 10 11 13 15 | 15.2

Action                   |  1- 3 |  4- 6 |  7- 9 | 10-12 || total
-------------------------+-------+-------+-------+-------++-------
Melee: Hand axe          |    10 |    20 |    51 |    28 ||   109
       Headbutt          |       |     4 |    18 |    34 ||    56
       War axe           |       |       |       |    32 ||    32
       Battleaxe         |       |       |       |    86 ||    86
       Punch             |       |       |       |     1 ||     1
Invok: Berserk           |     2 |     4 |     5 |     5 ||    16
       Trog's Hand       |       |       |     1 |       ||     1
  Use: Potion            |       |       |     1 |     1 ||     2
       Scroll            |       |       |       |     4 ||     4
Armor: Animal skin       |     1 |       |    12 |    46 ||    59
Dodge: Dodged            |     2 |     4 |    20 |    74 ||   100
